 Dungeon Crawl Stone Soup version 0.29-a0-360-g8ed1089bbe (webtiles) character file.

Game seed: 17211462791341361628

58 ytrimaz the Skirmisher (level 3, -1/29 HPs)
             Began as a Demonspawn Berserker on Apr 28, 2022.
             Was a Believer of Trog.
             Killed by nerve-wracking pain
             ... invoked by Grinder
              (13 damage)
             ... on level 4 of the Dungeon.
             The game lasted 00:02:57 (3136 turns).

ytrimaz the Skirmisher (Demonspawn Berserker)       Turns: 3136, Time: 00:02:57

Health: -1/29      AC:  7    Str: 19    XL:     3   Next: 75%
Magic:  3/3        EV: 10    Int:  8    God:    Trog [**....]
Gold:   115        SH:  0    Dex: 12    Spells: 2/2 levels left

rFire   . . .      SeeInvis .   c - +0 hand axe (elec)
rCold   . . .      Faith    .   (no shield)
rNeg    . . .      Spirit   .   h - +0 scale mail
rPois   .          Reflect  .   (no helmet)
rElec   .          Harm     .   (no cloak)
rCorr   .          Rampage  .   m - +0 pair of gloves
Will    +....                   (no boots)
Stlth   ..........              (no amulet)
HPRegen 0.09/turn               e - ring of willpower
MPRegen 0.08/turn               (no ring)

@: no status effects
A: demonic guardian 1
a: Renounce Religion, Berserk, Trog's Hand


You were on level 4 of the Dungeon.
You worshipped Trog.
Trog was pleased with you.
You visited 1 branch of the dungeon, and saw 4 of its levels.

You collected 115 gold pieces.

Inventory:

Hand Weapons
 a - a +0 hand axe
 c - a +0 hand axe of electrocution (weapon)
Missiles
 o - 4 boomerangs
Armour
 h - a +0 scale mail (worn)
 m - a +0 pair of gloves (worn)
Jewellery
 e - a ring of willpower (left hand)
Wands
 l - a wand of mindburst (10) (quivered)
Scrolls
 f - a scroll of noise
 j - 2 scrolls of teleportation
 n - a scroll of identify
 p - a scroll of holy word {unknown}
Potions
 b - a potion of brilliance {unknown}
 d - a potion of curing
 g - 3 potions of flight
 i - a potion of berserk rage {unknown}
 k - a potion of cancellation {unknown}


   Skills:
 + Level 3.6 Fighting
 + Level 3.5 Axes
 * Level 0.2 Throwing
 - Level 2.0 Armour
 * Level 2.1 Dodging


You had 2 spell levels left.
You didn't know any spells.
Your spell library was empty.

Dungeon Overview and Level Annotations

Branches:
Dungeon (4/15)
 Temple: D:4-7

Altars:
Fedhas
Hepliaklqana
Nemelex Xobeh
Uskayaw

Annotations:
D:4 Grinder


Innate Abilities, Weirdness & Mutations

A weak demonic guardian rushes to your aid.


Message History

Grinder is lightly wounded.
Grinder barely misses you.
You hit Grinder.
Grinder is lightly wounded.
Grinder gestures at you.
You easily resist.
You hit Grinder but do no damage.
Grinder is lightly wounded.
Grinder hits you.
Your shadow imp barely misses Grinder.
You barely miss Grinder.
Grinder is lightly wounded.
Grinder gestures at you. You resist with significant effort.
Your shadow imp closely misses Grinder.
Unknown command.
You hit Grinder but do no damage. Your punch misses Grinder.
Grinder is lightly wounded.
Grinder gestures at you.
You suddenly lose the ability to move!
Your shadow imp barely misses Grinder.
Grinder barely misses you.
Your shadow imp hits Grinder.
Grinder gestures at you.
You easily resist.
Your shadow imp closely misses Grinder.
Grinder gestures at you.
You easily resist.
Your shadow imp hits Grinder but does no damage.
Grinder hits you but does no damage.
Your shadow imp barely misses Grinder.
Grinder hits you.
You writhe in agony.
Your shadow imp hits Grinder.
Grinder hits you.
Your shadow imp closely misses Grinder.
You can move again.
Okay, then.
Okay, then.
You are too injured to fight recklessly!
Unknown command.
Cleave: c) +0 hand axe (elec)
Press: ? - help, Dir - move target, f - Grinder
Aim: Grinder (moderately wounded, ally target, about 43% to evade your +0 hand axe of electrocution)
You slash Grinder! Lightning courses through Grinder!
Grinder is almost dead.
Grinder gestures at you. Pain shoots through your body!
You die...

#.....#########.....#....
#.....##.....##.....#....
#......#............#....
#......'............+....
#......#.....##....###...
#.....##.....####+####)..
#.....##.....##..........
########.................
#@................
......55..........##....
..............<.<.######
................)..#
.......>....##....##
.............######
.....##......# .....
########


You could see Grinder (ally target) and a friendly shadow imp (summoned).

Vanquished Creatures
  An adder (D:4)
  A worm (D:2)
  A dart slug (D:3)
  4 endoplasms
  A giant cockroach (D:1)
  4 hobgoblins (D:1)
  8 ball pythons
  4 bats
  3 frilled lizards
  5 goblins
  4 kobolds
  8 rats
44 creatures vanquished.

Notes
Turn   | Place    | Note
-------+----------+-------------------------------------------
     0 | D:1      | ytrimaz the Demonspawn Berserker began the quest for the
                  | Orb.
     0 | D:1      | Reached XP level 1. HP: 18/18 MP: 1/1
   367 | D:1      | Gained mutation: A weak demonic guardian rushes to your
                  | aid. [demonic ancestry]
   367 | D:1      | Reached XP level 2. HP: 4/24 MP: 2/2
   939 | D:1      | Found a faded altar of an unknown god.
  1433 | D:2      | Reached XP level 3. HP: 29/29 MP: 3/3
  1465 | D:2      | Reached ** piety under Trog
  1640 | D:2      | You fall into a shaft and drop 1 floor!
  1694 | D:3      | Found a blossoming altar of Fedhas.
  1695 | D:3      | Found a hide-covered altar of Uskayaw.
  2458 | D:3      | Found a sparkling altar of Nemelex Xobeh.
  2561 | D:3      | Found a hazy altar of Hepliaklqana.
  3117 | D:4      | Noticed Grinder
  3117 | D:4      | Paralysed by Grinder for 7 turns
  3129 | D:4      | Paralysed by Grinder for 7 turns
  3136 | D:4      | Killed from afar by Grinder

Illustrated notes

Levels and vault maps discovered:
D:1:      onia_arrival_handbag, layout_basic,
          dreamdust_ecumenical_altar_statues, minmay_misc_feat_more_columns,
          minmay_bisected
D:2:      layout_loops_cross
D:3:      layout_basic, nicolae_overflow_hidden_temple
D:4:      layout_gridville, uniq_grinder

Skill      XL: |  1  2  3 |
---------------+----------+-----
Axes           | 3 |  3.5
Dodging        | 2 |  2.1
Armour         | 2 |  2.0
Fighting       | |  3.6
Throwing       | |  0.2

Action                   || total
-------------------------++-------
Melee: Hand axe          ||   109
  Use: Scroll            ||     5
 Stab: Sleeping          ||     2
Armor: Animal skin       ||     6
       Scale mail        ||    44
Dodge: Dodged            ||    51

Table legend: (Time is in decaauts)
 A = Elapsed time spent in this place.
 B = Non-inter-level travel time spent in this place.
 C = Inter-level travel time spent in this place.
 D = Time resting spent in this place.
 E = Time spent auto-exploring this place.
 F = Levels seen in this place.
 G = Mean time per level.
                   A        B        C        D        E       F      G
               +--------+--------+--------+--------+--------+-----+--------+
         Total |   3150 |   2983 |    167 |    346 |   2251 |   4 |  787.5 |
       Dungeon |   3150 |   2983 |    167 |    346 |   2251 |   4 |  787.5 |
               +--------+--------+--------+--------+--------+-----+--------+

Top non-repeatable levels by time:
     D:3: 1304 daAuts
     D:1: 1291 daAuts
     D:2: 359 daAuts
     D:4: 195 daAuts
